 Dungeon Crawl Stone Soup version 0.19.0-2-gae57169 (webtiles) character file.

2 jacquesderrida the Sneak (level 1, 0/9 HPs)
             Began as a Vine Stalker Wanderer on Nov 4, 2016.
             Slain by a leopard gecko (1 damage)
             ... on level 1 of the Dungeon.
             The game lasted 00:00:45 (119 turns).

jacquesderrida the Sneak (Vine Stalker Wanderer)     Turns: 119, Time: 00:00:46

Health: 0/9        AC:  3    Str: 15    XL:     1   Next: 40%
Magic:  0/3        EV: 10    Int: 12    God:
Gold:   35         SH:  0    Dex: 12    Spells: 1 memorised, 1 level left

rFire  . . .     SeeInvis .     c - +0 falchion
rCold  . . .     Gourm    .     g - +0 leather armour
rNeg   . . .     Faith    .     (no shield)
rPois  .         Spirit   +     (no helmet)
rElec  .         Reflect  .     (no cloak)
rCorr  .         Harm     .     (no gloves)
MR     .....                    (no boots)
Stlth  ++........               h - amulet of inaccuracy (curse)
                                (no ring)
                                (no ring)

@: no status effects
A: fangs 2, magic shield, antimagic bite, no device heal 3, rot immunity
a: no special abilities


You were on level 1 of the Dungeon.
You were not hungry.

You visited 1 branch of the dungeon, and saw 1 of its levels.

You collected 35 gold pieces.

Inventory:

Hand Weapons
 c - a +0 falchion (weapon)
 e - a +0 dagger
Armour
 d - a +0 robe
 g - a +0 leather armour (worn)
Jewellery
 h - a cursed amulet of inaccuracy (around neck)
Books
 a - a book of Maledictions

   Spells                             Type                      Level
   a - Corona                         Hexes                        1
   b - Ensorcelled Hibernation        Hexes/Ice                    2
   c - Confuse                        Hexes                        3
   d - Tukima's Dance                 Hexes                        3
   e - Dazzling Spray                 Conjuration/Hexes            3
 b - Soolan's Reference Book on Intoxication

   Spells                             Type                      Level
   a - Sting                          Conjuration/Poison           1
   b - Mephitic Cloud                 Conjuration/Poison/Air       3
Comestibles
 f - 2 bread rations


   Skills:
 + Level 2.9 Long Blades
 - Level 4.8 Stealth
 - Level 1.1 Spellcasting
 - Level 2.0 Hexes


You had one spell level left.
You knew the following spells:

 Your Spells              Type           Power        Failure   Level  Hunger
a - Corona                Hex            #......      17%         1    ##.....


Dungeon Overview and Level Annotations

Branches:
Dungeon (1/15)

Altars:


Innate Abilities, Weirdness & Mutations

You have extremely sharp teeth.
When hurt, damage is shared between your health and your magic reserves.
Your bite disrupts and absorbs the magic of your enemies.
Potions and wands cannot restore your health.
You are immune to rotting.


Message History

You closely miss the leopard gecko. You miss the leopard gecko.
Your bite misses the leopard gecko.
The leopard gecko hisses menacingly.
The leopard gecko barely misses you. The leopard gecko bites you.
You miss the leopard gecko. The leopard gecko misses you.
You hit the leopard gecko.
The leopard gecko is heavily wounded.
The leopard gecko bites you.
You miss the leopard gecko. Your bite misses the leopard gecko.
The leopard gecko is heavily wounded.
The leopard gecko bites you but does no damage.
The leopard gecko bites you.
* * * LOW HITPOINT WARNING * * *
You closely miss the leopard gecko. Your bite misses the leopard gecko.
The leopard gecko is heavily wounded.
The leopard gecko misses you.
You hit the leopard gecko. Your bite misses the leopard gecko.
The leopard gecko is almost dead.
The leopard gecko bites you.
You die...

#. # ######. .#
......#+############.#
#...................#
#...................#
#...................#
#...................#
###.....†.......@l....#
#.....................#
#.....................#
#.$.#.........#.?.....#
#..
#...>.....+......... #.
#.........#......... #
#.........#......###
#.........########
..... #.........#
.....#


You could see a leopard gecko.

Vanquished Creatures
  2 bats (D:1)
  A frilled lizard (D:1)
3 creatures vanquished.

Notes
Turn   | Place    | Note
-------+----------+-------------------------------------------
     0 | D:1      | jacquesderrida the Vine Stalker Wanderer began the quest for the Orb.
     0 | D:1      | jacquesderrida set off with: a book of Maledictions, Soolan's Reference Book on Intoxication, a +0 falchion, a +0 robe, a +0 dagger, a bread ration
     0 | D:1      | Reached XP level 1. HP: 9/9 MP: 3/3
     2 | D:1      | Identified Soolan's Reference Book on Intoxication
     4 | D:1      | Learned a level 1 spell: Corona
   119 | D:1      | Slain by a leopard gecko

Action                   || total
-------------------------++-------
Melee: Falchion          ||    15
       Bite              ||     2
 Cast: Corona            ||     1
Armor: Leather armour    ||     6
Dodge: Dodged            ||    10
       Rpst.: Falchion   ||     4
